Construct Infanterie Kompanie
Selects Terror Battlegroup
Selects Machine Gun Camouflage
Construct Luftwaffe Kompanie
Luftwaffe Officer Quarters
Marder III M Tank Destroyer
Selects Contempt for the Weak
Marder III M Tank Destroyer
Selects Propaganda Leaflet Drop
Construct Panzergrenadier Kompanie
Nebelwerfer 42 Rocket Launcher Team
Panzergrenadier Officer Quarters
Infanterie Officer Quarters
Construct Panzer Kompanie
Pak 40 Anti-tank Gun Team
Selects King Tiger Heavy Tank